 Dungeon Crawl Stone Soup version 0.27-a0-1502-g47ed6a6988 (webtiles) character file.

Game seed: 2190029519868323831

45 quinnr the Gusty (level 3, 0/19 HPs)
             Began as a Tengu Air Elementalist on July 8, 2021.
             Slain by a rat (1 damage)
             ... on level 3 of the Dungeon.
             The game lasted 00:02:44 (2140 turns).

quinnr the Gusty (Tengu Air Elementalist)           Turns: 2140, Time: 00:02:45

Health: 0/19       AC:  3    Str:  8    XL:     3   Next: 64%
Magic:  7/7        EV: 12    Int: 16    God:
Gold:   76         SH:  0    Dex: 14    Spells: 5/6 levels left

rFire    . . .     SeeInvis .   (no weapon)
rCold    . . .     Faith    .   (no shield)
rNeg     . . .     Spirit   .   a - +1 robe
rPois    .         Reflect  .   (helmet restricted)
rElec    .         Harm     .   (no cloak)
rCorr    .         Rampage  .   (no gloves)
Will     .....                  (boots unavailable)
Stlth    ++........             (no amulet)
HPRegen  0.06/turn              (no ring)
MPRegen  0.10/turn              (no ring)

@: about to teleport, attractive
A: beak, talons 3
a: no special abilities


You were on level 3 of the Dungeon.
You visited 1 branch of the dungeon, and saw 3 of its levels.

You collected 76 gold pieces.

Inventory:

Armour
 a - a +1 robe (worn)
Scrolls
 b - a scroll of identify
 j - a scroll of enchant armour
Potions
 c - 2 potions of magic
 d - a potion of curing
 f - 2 potions of attraction
 g - a potion of brilliance {unknown}
 h - 2 potions of ambrosia {unknown}
 i - 2 potions of degeneration {unknown}
 k - a potion of berserk rage {unknown}
 l - a potion of invisibility {unknown}
 m - a potion of mutation {unknown}


   Skills:
 - Level 2.1 Dodging
 - Level 2.0 Stealth
 - Level 2.0 Spellcasting
 - Level 1.3 Conjurations
 * Level 6.0 Air Magic


You had 5 spell levels left.
You knew the following spells:

 Your Spells              Type           Power      Damage    Failure   Level
a - Shock                 Conj/Air       52%        1d6       4%          1

Your spell library contained the following spells:

 Spells                   Type           Power      Damage    Failure   Level
 Swiftness                Air            21%        N/A       5%          3
 Static Discharge         Conj/Air       13%        N/A       7%          2
 Airstrike                Air            10%        N/A       17%         4


Dungeon Overview and Level Annotations

Branches:
Dungeon (3/15)

Altars:

Annotations:
D:3 Jessica


Innate Abilities, Weirdness & Mutations

You have a beak for a mouth.
You have claws for feet.


Message History

Jessica is moderately wounded.
The jackal misses you.
Jessica casts a spell.
Jessica blinks!
Casting: Shock (safe; 4% risk of failure)
Confirm with . or Enter, or press ? or * to list all spells.
Aiming: Shock (safe; 4% risk of failure)
Press: ? - help, Shift-Dir - straight line, f/p - Jessica
Aim: Jessica, wielding a +0 club and wearing a +0 robe (moderately wounded, 68% to hit)
Okay, then.
The jackal bites you. The jackal completely misses you.
The jackal barely misses you. The jackal bites you.
Jessica hits you with a +0 club.
* * * LOW HITPOINT WARNING * * *
The jackal bites you but does no damage. x2
It was a potion of attraction.
You feel attractive to monsters.
The jackal closely misses you. x2; The rat barely misses you.
Jessica hits you with a +0 club.
* * * LOW HITPOINT WARNING * * *
Unknown command.
It was a potion of curing.
You feel better. The jackal barely misses you. The jackal closely misses you.
The jackal barely misses you. The rat bites you but does no damage.
Jessica hits you with a +0 club. The jackal closely misses you.
Unknown command.
Casting: Shock (safe; 4% risk of failure)
Confirm with . or Enter, or press ? or * to list all spells.
You don't know that spell.
Unknown command.
As you read the scroll of teleportation, it crumbles to dust.
You feel strangely unstable. The jackal bites you.
The jackal bites you but does no damage.
The rat bites you but does no damage. Jessica hits you with a +0 club.
* * * LOW HITPOINT WARNING * * *
Unknown command.
Magic courses through your body. The jackal closely misses you.
The jackal bites you but does no damage.
The rat bites you.
You die...

.# ## #.#... #.#..#
#.#..# ########.#..#
............#
............# #
..........@@...#.#
.........rhh.....#
..............####
..............#
.......####.#.#
....... #.#†#
.......####.#.#.#.#.
.......>r............
........#####.###.#.#


You could see Jessica, 2 jackals and a rat.

Vanquished Creatures
  A gnoll (D:1)
  A dart slug (D:1)
  5 ball pythons
  4 endoplasms
  A giant cockroach (D:1)
  2 goblins (D:1)
  2 hobgoblins
  A jackal (D:3)
  3 quokkas
  2 bats (D:2)
  A frilled lizard (D:1)
  4 kobolds
  4 rats
31 creatures vanquished.

Vanquished Creatures (others)
  9 plants (D:2)
9 creatures vanquished.

Grand Total: 40 creatures vanquished

Notes
Turn   | Place    | Note
-------+----------+-------------------------------------------
     0 | D:1      | quinnr the Tengu Air Elementalist began the quest for the
                  | Orb.
     0 | D:1      | Reached XP level 1. HP: 10/10 MP: 4/4
   425 | D:1      | Reached skill level 5 in Air Magic
   425 | D:1      | Reached XP level 2. HP: 15/15 MP: 1/6
  1007 | D:1      | Reached XP level 3. HP: 19/19 MP: 1/7
  1763 | D:2      | Reached skill level 6 in Air Magic
  2123 | D:3      | Noticed Jessica
  2139 | D:3      | HP: 1/19 [Jessica (5)]
  2140 | D:3      | Slain by a rat

Illustrated notes

Levels and vault maps discovered:
D:1:      dpeg_arrival_arbitrary_b, layout_loops_ring, grunt_decor_fettered,
          kennysheep_pointless_box, minmay_pentomino_o2
D:2:      cheibrodos_helix_gallery, layout_basic, serial_bayou,
          serial_bayou_lagoon_b, serial_bayou_pond_d, serial_bayou_ford_a,
          serial_bayou_pond_c
D:3:      layout_basic, mainiacjoe_overflow_surrounded_room,
          lightli_sewer_entry_pipes, minmay_misc_feat_room, uniq_jessica,
          uniq_natasha

Skill      XL: |  1  2  3 |
---------------+----------+-----
Air Magic      | 5 6 |  6.0
Dodging        | |  2.1
Stealth        | |  2.0
Spellcasting   | |  2.0
Conjurations   | |  1.3

Action                   || total
-------------------------++-------
Melee: Unarmed           ||     5
       Kick              ||     2
       Peck              ||     1
 Cast: Shock             ||    66
  Use: Scroll            ||     4
       Potion            ||     3
Armor: Robe              ||     9
Dodge: Dodged            ||    21

Table legend: (Time is in decaauts)
 A = Elapsed time spent in this place.
 B = Non-inter-level travel time spent in this place.
 C = Inter-level travel time spent in this place.
 D = Time resting spent in this place.
 E = Time spent auto-exploring this place.
 F = Levels seen in this place.
 G = Mean time per level.
                   A        B        C        D        E       F      G
               +--------+--------+--------+--------+--------+-----+--------+
         Total |   2174 |   2090 |     84 |      0 |   1932 |   3 |  724.7 |
       Dungeon |   2174 |   2090 |     84 |      0 |   1932 |   3 |  724.7 |
               +--------+--------+--------+--------+--------+-----+--------+

Top non-repeatable levels by time:
     D:1: 1236 daAuts
     D:2: 910 daAuts
     D:3: 27 daAuts
